[Event "*** Titled Tuesday Blitz"]
[Site "Chess.com"]
[Date "2018.06.05"]
[Round "8"]
[White "ruvat"]
[Black "Leo_C"]
[Result "1/2-1/2"]
[WhiteElo "2250"]
[BlackElo "2176"]
[TimeControl "180+2"]
[EndTime "14:56:52 PDT"]
[Termination "Game drawn by agreement"]

1. d4 d5 2. Nf3 Nf6 3. c4 c6 4. Qc2 Nbd7 5. g3 e6 6. Bg2 Bd6 7. O-O O-O 8. Nbd2 Qe7 9. Re1 b6 10. e4 Nxe4 11. Nxe4 dxe4 12. Qxe4 Bb7 13. Bg5 Nf6 14.
Qh4 h6 15. Bxf6 Qxf6 16. Qxf6 gxf6 17. Nh4 Rab8 18. Rad1 Rfd8 19. a3 Kg7 20. b4 Be7 21. f4 c5 22. dxc5 bxc5 23. b5 Bxg2 24. Kxg2 Kf8 25. a4 f5 26. Nf3 Bf6 27. Kf2 Ke7 28.
Ke3 h5 29. Rxd8 Rxd8 30. Re2 Bd4+ 31. Nxd4 Rxd4 32. Rc2 f6 33. a5 Kd7 34. h4 e5 35.
fxe5 fxe5 36. Rf2 Rxc4 37. Rxf5 Ke6 38. Rxh5 Rb4 39. b6 axb6 40. axb6 Kd5 41. Rh6 Rb3+ 42. Kd2 Rxg3 43. b7 Rb3 44. Rh7 Ke6 45. Kc2 Rb4 46. h5 Kf6 47. Kc3 Kg5 48. Re7 Kxh5 49. Rxe5+ Kg6 50. Rxc5 Rxb7 1/2-1/2

[Event "*** Titled Tuesday Blitz"]
[Site "Chess.com"]
[Date "2018.06.05"]
[Round "8"]
[White "Tibmat"]
[Black "gmjlh"]
[Result "0-1"]
[WhiteElo "2404"]
[BlackElo "2622"]
[TimeControl "180+2"]
[EndTime "14:56:55 PDT"]
[Termination "gmjlh won on time"]

1. Nf3 Nf6 2. c4 g6 3. b3 Bg7 4. Bb2 O-O 5. g3 e6 6. Bg2 d5 7. O-O a5 8. Nc3 Nc6 9. d4 Ne4 10. e3 f5 11. Rc1 g5 12. Ne1 g4 13. Nd3 Ne7 14. Ne2 Ng6 15. Nef4 c6 16. Qc2 Bd7 17. Rfd1 Qe7 18. Ne5 Bxe5 19. dxe5 Nxf4 20. exf4 Rfc8 21. Bxe4 fxe4 22. cxd5 cxd5 23. Qd2 a4 24. b4 Qf8 25. a3 Bb5 26. Bd4 Bc4 27. Bc5 Rxc5 28. bxc5 Qxc5 29.
Qb4 Qxb4 30. axb4 a3 31. Ra1 a2 32. Rd2 Ra4 33. Rb2 b5 34. Kg2 Kf7 35. h3 h5 36.
hxg4 hxg4 37. Rd2 Ke7 38. Rb2 d4 39. Rd2 Rxb4 40. Rxd4 Rb1 41. Rd1 Rxd1 42. Rxd1 b4 0-1

[Event "*** Titled Tuesday Blitz"]
[Site "Chess.com"]
[Date "2018.06.05"]
[Round "8"]
[White "SamCopeland"]
[Black "akashcheck"]
[Result "1/2-1/2"]
[WhiteElo "2038"]
[BlackElo "2171"]
[TimeControl "180+2"]
[EndTime "14:56:57 PDT"]
[Termination "Game drawn by agreement"]

1. e4 e5 2. Nf3 Nc6 3. Bc4 Nf6 4. d4 exd4 5. O-O Nxe4 6. Re1 d5 7. Bxd5 Qxd5 8. Nc3 Qd7 9. Nxe4 Be7 10. Bg5 O-O 11.
Bxe7 Qxe7 12. Nxd4 Nxd4 13. Qxd4 Bd7 14. Nc5 Be6 15.
Nxb7 Qg5 16. Re5 Qf6 17. Rae1 Rfd8 18. Nxd8 Rxd8 19. Qc3 h6 20. a3 Qf4 21. R5e4 Qf5 22.
R4e3 Rd7 23. Rg3 f6 24. Rge3 Bd5 25. Qd3 Qg5 26. Re8+ Kf7 27. Qg3 Qf5 28. h4 Qxc2 29. h5 Qf5 30. Qe3 Qxh5 31. Rb8 Kg6 32. Qe8+ Kg5 33. Qxh5+ Kxh5 34. Rb5 Kg6 35. Rd1 c6 36. Ra5 Re7 37. b4 h5 38. b5 Kh6 39. bxc6 Bxc6 40. Kh2 Re2 41. Kg1 Ra2 42. Rc1 Be4 43. Rcc5 g5 44. Ra6 Kg6 45. Rc7 g4 46. Raxa7 g3 47.
Rg7+ Kf5 48. Rxg3 h4 49. Re3 Kf4 50. Ra4 f5 51. Rc3 Kg5 52. Rb4 Ra1+ 53. Kh2 Ra2 54. a4 Rxf2 55. Rc5 Rxg2+ 56. Kh3 Rg3+ 57. Kh2 Rg2+ 58.
Kh3 Rg3+ 59. Kh2 1/2-1/2

[Event "*** Titled Tuesday Blitz"]
[Site "Chess.com"]
[Date "2018.06.05"]
[Round "8"]
[White "W_Amadeus"]
[Black "mazetofonias"]
[Result "1-0"]
[WhiteElo "2535"]
[BlackElo "2538"]
[TimeControl "180+2"]
[EndTime "14:56:59 PDT"]
[Termination "W_Amadeus won by resignation"]

1. d4 Nf6 2. c4 e6 3. Nf3 c5 4.
d5 d6 5. Nc3 exd5 6. cxd5 g6 7.
Bf4 a6 8. a4 Bg7 9. h3 O-O 10. e3 Qe7 11. Be2 Nbd7 12. O-O Re8 13. a5 Rb8 14. Ra3 b5 15. axb6 Rxb6 16. Rb3 Rxb3 17.
Qxb3 Nh5 18. Bh2 Nhf6 19. Qa4 Ne4 20. Qxe4 Qxe4 21. Nxe4 Rxe4 22. Nd2 Rb4 23. Nc4 Bxb2 24. Nxd6 Bb7 25. Nxb7 Rxb7 26. Bxa6 Ra7 27. Bb5 f5 28. Rb1 Bc3 29. Bf4 Kf7 30. Rc1 Bb4 31. Bd6 Bd2 32. Rc2 Bb4 33. g3 Ra1+ 34. Kg2 Ra7 35. f3 Nf6 36. Bxc5 Bxc5 37. Rxc5 Ke7 38. Bc4 Rb7 39. g4 Rb2+ 40. Kg3 Rb7 41. Rc6 fxg4 42. hxg4 Nd7 43. e4 Nb6 44. Ba6 Rb8 45. Rc7+ Nd7 46.
Bc8 1-0

[Event "*** Titled Tuesday Blitz"]
[Site "Chess.com"]
[Date "2018.06.05"]
[Round "8"]
[White "dretch"]
[Black "SantoBlue"]
[Result "1-0"]
[WhiteElo "2757"]
[BlackElo "2782"]
[TimeControl "180+2"]
[EndTime "14:57:00 PDT"]
[Termination "dretch won by resignation"]

1. d4 Nf6 2. c4 d6 3. Nf3 Bf5 4. Nc3 g6 5. d5 Bg7 6. Nd4 Bd7 7. e4 O-O 8. Be2 c5 9. Nc2 a6 10. a4 Ne8 11. O-O Nc7 12. a5 Be8 13. Bg5 Nd7 14.
Qd2 Rb8 15. b3 b6 16. axb6 Rxb6 17. Ra3 f6 18. Bh6 Qb8 19. Bxg7 Kxg7 20. Rb1 Bf7 21. Ne3 Qa7 22. Bd1 Rfb8 23. Bc2 Rb4 24. Rba1 R4b6 25. h4 h5 26. f4 Qb7 27. Rf1 Qc8 28. Rf3 Qh8 29.
Qf2 Kg8 30. Qg3 Qg7 31. Qh3 Rd8 32. Rg3 Kf8 33. Kh1 Qh8 34. Bd1 f5 35. exf5 Qxc3 36. fxg6 Be8 37. Qf5+ Nf6 38. Qg5 Kg8 39. Nf5 Qe1+ 40.
Kh2 Bd7 41. Re3 Qxd1 42. Nh6+ Kh8 43. Rxe7 Rg8 1-0

[Event "*** Titled Tuesday Blitz"]
[Site "Chess.com"]
[Date "2018.06.05"]
[Round "8"]
[White "nurmiTV"]
[Black "MPGM"]
[Result "0-1"]
[WhiteElo "2476"]
[BlackElo "2392"]
[TimeControl "180+2"]
[EndTime "14:57:01 PDT"]
[Termination "MPGM won by resignation"]

1. c4 c5 2. Nc3 Nc6 3. g3 g6 4.
Bg2 Bg7 5. Nf3 d6 6. O-O Bf5 7. d3 Qd7 8. Re1 Nf6 9. Rb1 O-O 10. a3 Rac8 11. b4 b6 12. Bd2 Rfd8 13. bxc5 dxc5 14.
Nb5 Ne8 15. a4 Nd6 16. a5 Nxb5 17. Rxb5 Nxa5 18. Bxa5 bxa5 19. Qd2 a4 20. Qa5 a6 21.
Rxc5 Bc3 22. Qxc3 Rxc5 23. Ra1 Qc7 24. Rxa4 Bc8 25. h4 Bb7 26. Ra2 a5 27. Nd2 Bxg2 28.
Kxg2 a4 29. d4 Rf5 30. e4 Ra5 31. Ra3 Rda8 32. c5 Qc6 33. f3 e5 34. dxe5 Qxc5 35.
Qxc5 Rxc5 36. Kf2 Rxe5 37. Ke3 Rb5 38. f4 Kg7 39. Kd3 Rd8+ 40. Ke3 Rb2 41. Nc4 Rb3+ 42.
Rxb3 axb3 43. Nb2 h5 44. Nd3 Rc8 45. Kd2 Rc2+ 46. Kd1 Rg2 47. Kc1 Rxg3 48. Nc5 Rf3 49. f5 gxf5 0-1

[Event "*** Titled Tuesday Blitz"]
[Site "Chess.com"]
[Date "2018.06.05"]
[Round "8"]
[White "Sanan_Sjugirov"]
[Black "Aygehovit1992"]
[Result "1-0"]
[WhiteElo "2715"]
[BlackElo "2526"]
[TimeControl "180+2"]
[EndTime "14:57:02 PDT"]
[Termination "Sanan_Sjugirov won by resignation"]

1. e4 c5 2. Nf3 d6 3. d4 cxd4 4.
Nxd4 Nf6 5. Nc3 Nc6 6. Bg5 Bd7 7. Qd2 h6 8. Bxf6 gxf6 9. f4 Rc8 10. O-O-O Nxd4 11. Qxd4 Qa5 12. Kb1 Qc5 13. Qd2 Bg7 14. f5 h5 15. Nd5 Bh6 16. Qe2 a5 17. c3 b5 18.
Qxh5 b4 19. c4 b3 20. a3 Bb5 21. Nc3 Bxc4 22. Bxc4 Qxc4 23. Qf3 Rc5 24. h4 Kd7 25.
g4 Rhc8 26. Rhg1 Qa6 27. g5 Bg7 28. g6 fxg6 29. Rxg6 Bf8 30. h5 Rxc3 31. bxc3 Qc4 32. Kb2 Rc5 33. h6 Re5 34. Rd4 Qf7 35. Rd5 a4 36. Rxe5 fxe5 37. Qf1 Kc7 38. Qa6 Bxh6 39. Qa7+ Kc8 40. Qxa4 Be3 41. Qxb3 Qh7 42. Qg8+ Qxg8 43. Rxg8+ Kd7 44. Kb3 Bc5 45. a4 Kc6 46. Kc4 1-0

[Event "*** Titled Tuesday Blitz"]
[Site "Chess.com"]
[Date "2018.06.05"]
[Round "8"]
[White "Alopekos"]
[Black "EndgameGrinder"]
[Result "1-0"]
[WhiteElo "2361"]
[BlackElo "2501"]
[TimeControl "180+2"]
[EndTime "14:57:03 PDT"]
[Termination "Alopekos won by resignation"]

1. e4 c5 2. Nf3 e6 3. d4 cxd4 4. Nxd4 Nc6 5. Nc3 Qc7 6. Be3 a6 7. Be2 Nf6 8. O-O Bb4 9. Na4 Be7 10. Nxc6 bxc6 11. Nb6 Rb8 12. Nxc8 Qxc8 13. e5 Nd5 14. Bc1 Bc5 15. c4 Ne7 16. b3 Qc7 17. Bb2 d6 18.
exd6 Bxd6 19. g3 Be5 20. Bxe5 Qxe5 21. c5 Qxc5 22. Bxa6 O-O 23. Qf3 Qb6 24. Bd3 c5 25. Rfc1 g6 26. h4 Nc6 27. h5 Nd4 28. Qf6 Qd8 29.
Qxd8 Rfxd8 30. Bf1 Rd5 31. hxg6 hxg6 32. Rc3 Ra8 33.
a4 Rb8 34. a5 Rd7 35. a6 Ra7 36. Rxc5 Nxb3 37. Rb1 Nxc5 38. Rxb8+ Kg7 39. Rb5 Nd7 40. Rb7 Rxb7 41. axb7 Kf6 42. Bb5 Nb8 43. Kg2 Ke5 44. Kf3 Kd6 45. Kf4 f6 46. Bf1 Kc7 47. Bg2 Nc6 48. Bxc6 1-0

[Event "*** Titled Tuesday Blitz"]
[Site "Chess.com"]
[Date "2018.06.05"]
[Round "8"]
[White "Mr_Penings"]
[Black "Quiet_Desperation"]
[Result "1-0"]
[WhiteElo "2452"]
[BlackElo "2377"]
[TimeControl "180+2"]
[EndTime "14:57:04 PDT"]
[Termination "Mr_Penings won by resignation"]

1. c4 Nf6 2. Nc3 e6 3. e4 Nc6 4. d4 d6 5. Nf3 Be7 6. Be2 O-O 7. O-O e5 8. d5 Nb8 9. Ne1 c6 10. f4 cxd5 11. fxe5 dxe5 12. cxd5 Bc5+ 13. Kh1 h6 14.
Nd3 Bd4 15. Bf3 a6 16. Ne2 Nbd7 17. Nxd4 exd4 18. e5 Nh7 19. Re1 Nb6 20. Nf4 g5 21. Nh5 Nxd5 22. Qxd4 Ne7 23. Be3 Qa5 24. Qc5 Nc6 25.
Bxc6 Qxc5 26. Bxc5 bxc6 27. Bxf8 Kxf8 28. Rad1 Be6 29. b3 a5 30. Rd6 Bd5 31. Rxh6 Kg8 32. Nf6+ Nxf6 33. Rxf6 Kg7 34. Ref1 a4 35. h3 axb3 36.
axb3 Ra2 37. R1f2 Rxf2 38. Rxf2 Bxb3 39. Rf6 Bd5 40. Kg1 Kf8 41. Kf2 Be6 42. Ke3 Ke7 43. Kd4 Kd7 44. Kc5 Kc7 45. Rh6 Bd5 46. g4 Bg2 47. Rh7 Bd5 48. Rg7 Kd7 49. Rxg5 Ke6 50.
Rh5 Bg2 51. Kd4 Bf3 52. Ke3 Bd1 53. Kf4 c5 54. Rh6+ Kd5 55. Rd6+ 1-0

[Event "*** Titled Tuesday Blitz"]
[Site "Chess.com"]
[Date "2018.06.05"]
[Round "8"]
[White "PrinceMurad09"]
[Black "pedromartinez91"]
[Result "1-0"]
[WhiteElo "2425"]
[BlackElo "2298"]
[TimeControl "180+2"]
[EndTime "14:57:07 PDT"]
[Termination "PrinceMurad09 won by checkmate"]

1. e4 c5 2. Nf3 Nc6 3. d4 cxd4 4. Nxd4 g6 5. Nc3 Bg7 6. Be3 Nf6 7. Bc4 O-O 8. Bb3 a5 9. O-O a4 10. Nxa4 Nxe4 11. f3 Nf6 12. Nb5 Ra6 13. Nc5 Ra5 14. c4 d6 15. Na4 Ra6 16. Qe2 b6 17. Qf2 Nd7 18. Rad1 Bb7 19. Rfe1 Ba8 20. Nbc3 Na5 21. Nd5 Bxd5 22. Rxd5 Nxb3 23. axb3 Qb8 24. Rb5 Rc8 25. Bxb6 Qa8 26. Rxe7 Nxb6 27. Rxb6 Rxa4 28. bxa4 Qxa4 29.
Re4 f5 30. b3 Qa5 31. Rb5 Qc3 32. Re3 Ra8 33. Rb8+ Rxb8 34. Rxc3 Bxc3 35. Qc2 Bb4 36. Kf2 Re8 37. Qd3 Kf7 38. Qd5+ Kf6 39. Qd4+ Kf7 40. Qd5+ Kf6 41. Qb5 Bc5+ 42. Kf1 Ra8 43. b4 Ra1+ 44. Ke2 Rb1 45. bxc5 Rxb5 46. cxb5 dxc5 47. Kd3 Ke5 48. Kc4 Kd6 49. f4 h6 50. g3 g5 51. h4 gxh4 52.
gxh4 h5 53. b6 Kc6 54. b7 Kxb7 55. Kxc5 Kc7 56. Kd5 Kd7 57. Ke5 Ke7 58. Kxf5 Kd6 59. Kg6 Ke6 60. f5+ Ke7 61. Kg7 Kd6 62. f6 Ke5 63. f7 Kf4 64. f8=Q+ Kg4 65. Qf6 Kh3 66. Qg5 Kh2 67. Qxh5 Kh1 68. Qg5 Kh2 69. h5 Kh1 70.
h6 Kh2 71. h7 Kh1 72. h8=Q# 1-0

[Event "*** Titled Tuesday Blitz"]
[Site "Chess.com"]
[Date "2018.06.05"]
[Round "8"]
[White "Xeniya2005"]
[Black "nicegg"]
[Result "0-1"]
[WhiteElo "1926"]
[BlackElo "1900"]
[TimeControl "180+2"]
[EndTime "14:57:08 PDT"]
[Termination "nicegg won by resignation"]

1. e4 e5 2. Nf3 Nc6 3. d4 exd4 4. Bc4 Nf6 5. O-O Nxe4 6. Re1 d5 7. Bxd5 Qxd5 8.
Nc3 Qf5 9. Nxe4 Be7 10. Ng3 Qc5 11. Bg5 f6 12. Bd2 O-O 13. Ne4 Qh5 14. Bc1 Bg4 15. Ned2 Rfe8 16. h3 Bxf3 17. Nxf3 Bc5 18. Bf4 Bb6 19.
Qd3 Rxe1+ 20. Rxe1 Re8 21. Qc4+ Kf8 22. Rd1 Qf7 23. Qa4 a5 24. a3 Qd5 25. Kf1 Qe4 26. Re1 Qxf4 27. Rxe8+ Kxe8 28. Qc4 Ne7 29. Kg1 Qc1+ 30. Kh2 Qxb2 31. a4 Qb4 32. Qa2 Qd6+ 33. Kg1 d3 34. cxd3 Qxd3 35. Qb2 Qd1+ 36. Kh2 Qxa4 37. Qe2 Qc6 38. Nh4 Qd6+ 39. g3 Qd5 40. Qc2 g6 41. Ng2 Qd4 42. Kg1 Qxf2+ 43. Qxf2 Bxf2+ 44. Kxf2 a4 45. Ne3 Kd7 46. Nc2 c5 47. Ke3 Kc6 48. Kd3 b5 49. g4 Nd5 50. h4 Nb4+ 51.
Nxb4+ cxb4 52. Kc2 Kc5 53. Kb2 Kd4 54. h5 gxh5 55.
gxh5 f5 0-1

[Event "*** Titled Tuesday Blitz"]
[Site "Chess.com"]
[Date "2018.06.05"]
[Round "8"]
[White "Alexander_Moskalenko"]
[Black "nihalsarin"]
[Result "1-0"]
[WhiteElo "2784"]
[BlackElo "2745"]
[TimeControl "180+2"]
[EndTime "14:57:10 PDT"]
[Termination "Alexander_Moskalenko won by resignation"]

1. e4 e5 2. Nf3 Nc6 3. Nc3 Nf6 4. d4 exd4 5. Nxd4 Bb4 6. Nxc6 bxc6 7. Bd3 O-O 8. O-O Re8 9. Bg5 h6 10. Bh4 g5 11. Bg3 Bxc3 12. bxc3 Nxe4 13. Qh5 Qf6 14. f4 g4 15. f5 d5 16. Bh4 Qxc3 17. f6 Re5 18.
Qxh6 Qc5+ 19. Bf2 Qf8 20. Qf4 Rh5 21. Bxe4 dxe4 22. Qxe4 Be6 23. Qxc6 Rd8 24. Qxc7 Rc8 25. Qxa7 Rxc2 26. Rfc1 Rxc1+ 27. Rxc1 Qd6 28. Bg3 Qd2 29. Qa8+ Kh7 30. Qe4+ Bf5 31. Qc4 Qe3+ 32. Bf2 Qe6 33. Qxe6 Bxe6 34. a3 Ra5 35. Bc5 Kg6 36.
Be7 Ra4 37. Kf2 Kf5 38. Kg3 Rd4 39. Rc5+ Kg6 40. Kh4 Rd2 41. Rg5+ Kh7 42. Rg7+ Kh8 43.
h3 gxh3 44. gxh3 Rd4+ 45. Kg5 Rd3 46. Kf4 Rxh3 47. Rg5 Rh4+ 48. Ke5 Ra4 49. Rg1 Kh7 50. Bb4 Kh6 51. Kd6 Ra6+ 52. Kc7 Bd5 53. Bf8+ Kh5 54. Be7 Be6 55. Kb7 Ra4 56. Kb6 Ra8 57. Bb4 Kh4 58. Bd6 Kh3 59. Rg3+ Kh4 60. Re3 Kg5 61. Rxe6 fxe6 62. f7 e5 63. f8=Q Rxf8 64. Bxf8 e4 65. a4 Kf5 66. a5 Ke6 67. a6 Kd7 68. a7 1-0

[Event "*** Titled Tuesday Blitz"]
[Site "Chess.com"]
[Date "2018.06.05"]
[Round "8"]
[White "Grandelicious"]
[Black "Alexandr_Predke"]
[Result "1-0"]
[WhiteElo "2661"]
[BlackElo "2642"]
[TimeControl "180+2"]
[EndTime "14:57:10 PDT"]
[Termination "Grandelicious won by resignation"]

1. e4 e5 2. Nf3 Nc6 3. Nc3 Nf6 4. Bb5 Bb4 5. O-O O-O 6. d4 Nxd4 7. Nxd4 exd4 8. Qxd4 Bxc3 9. bxc3 d6 10. Bd3 h6 11. c4 Nd7 12. Bb2 Qf6 13. Qxf6 Nxf6 14. e5 dxe5 15. Bxe5 Be6 16. Rfb1 b6 17. Bxc7 Rfc8 18.
Bg3 Bxc4 19. Bf5 Be6 20. Bd3 Bc4 21. Bf5 Rc5 22. Bh3 Be6 23. Bxe6 fxe6 24. Rb2 Rac8 25. Rc1 Ne4 26. Bf4 Nc3 27. Kf1 Rd5 28. a3 Rc4 29.
Be3 Nd1 30. Rb3 Kf7 31. Ke1 Nc3 32. Rb4 Rc6 33. Rf4+ Ke7 34. Rg4 g5 35. h4 Kf6 36.
hxg5+ hxg5 37. f3 a5 38. Bd4+ Kf5 39. Be3 Kf6 40. Bd4+ Kg6 41. Be3 Re5 42. Kf2 Rd6 43.
Bd4 Re2+ 44. Kf1 Na2 45. Kxe2 Nxc1+ 46. Ke3 Kf5 47. Re4 Rd5 48. g4+ Kg6 49. Rxe6+ Kf7 50. Rxb6 1-0

[Event "*** Titled Tuesday Blitz"]
[Site "Chess.com"]
[Date "2018.06.05"]
[Round "8"]
[White "comedy_of_errors"]
[Black "GMMatamoros"]
[Result "0-1"]
[WhiteElo "2579"]
[BlackElo "2529"]
[TimeControl "180+2"]
[EndTime "14:57:12 PDT"]
[Termination "GMMatamoros won by resignation"]

1. Nf3 Nf6 2. g3 g6 3. b3 Bg7 4. Bb2 c5 5. c4 Nc6 6. Bg2 d6 7.
O-O e5 8. d3 O-O 9. Nc3 h6 10.
a3 Be6 11. Rb1 Qd7 12. Re1 d5 13. cxd5 Nxd5 14. Nxd5 Bxd5 15. b4 cxb4 16. axb4 b5 17. Ba1 Rfe8 18. Qd2 Rac8 19. Rec1 Nd4 20. Bxd4 exd4 21.
Qd1 Qd6 22. Rxc8 Rxc8 23. Nd2 Bxg2 24. Kxg2 h5 25. h4 Qd5+ 26. Kg1 Rc6 27. Qb3 Qe5 28. Ne4 Bf8 29. Qa2 a6 30. Ng5 Qf5 31. Nf3 Bg7 32. Qb2 Qd5 33. Rc1 Rc3 34. Nd2 Kf8 35. Ne4 Rc6 36.
Rxc6 Qxc6 37. Qa2 Kg8 38. Ng5 Qf6 39. Qd5 Bh6 40. Ne4 Qe7 41. Qa8+ Kh7 42. Qxa6 Qxb4 43. Nd6 Qe1+ 44. Kg2 Be3 45. Ne4 f5 46. Nf6+ Kh6 47.
Ng8+ Kg7 48. Qb7+ Kxg8 49. Qc8+ Kg7 50. Qb7+ Kh6 51. Qf3 Qxf2+ 52. Qxf2 Bxf2 53. Kxf2 b4 54. Ke1 g5 55. Kd2 f4 56. hxg5+ Kxg5 57. gxf4+ Kxf4 58. Kc2 h4 59. Kb3 Ke3 60. Kxb4 h3 61. Kc4 h2 0-1

[Event "*** Titled Tuesday Blitz"]
[Site "Chess.com"]
[Date "2018.06.05"]
[Round "8"]
[White "Andreikka"]
[Black "GadimbayliA"]
[Result "0-1"]
[WhiteElo "2798"]
[BlackElo "2564"]
[TimeControl "180+2"]
[EndTime "14:57:16 PDT"]
[Termination "GadimbayliA won by checkmate"]

1. d4 e6 2. Nf3 Nf6 3. Bf4 c5 4. e3 Nc6 5. c3 d5 6. Nbd2 Bd6 7. Bg3 O-O 8. Bd3 b6 9. Qe2 Bb7 10. Rd1 h6 11. dxc5 Bxg3 12. hxg3 bxc5 13. e4 Re8 14. O-O Qb6 15. Rb1 Rad8 16. e5 Nd7 17. g4 Rb8 18.
Rfe1 c4 19. Bc2 Ba6 20. Nf1 d4 21. cxd4 Red8 22. Qe4 Nf8 23. Red1 Nb4 24. Rd2 Bb7 25. Qe1 Bxf3 26. gxf3 Nxc2 27. Rxc2 Rxd4 28. Rbc1 Rbd8 29. Ne3 Ng6 30. Nxc4 Qb7 31. Rc3 Nh4 32. Qe2 Rxg4+ 33. Kf1 Rf4 34. Nd6 Qe7 35. Rc4 Qg5 36. Rxf4 Qxf4 37.
Rc4 Qh2 38. Ke1 Qh1+ 39. Kd2 Nxf3+ 40. Kc2 Qh5 41. Qe4 Qxe5 42. Qxf3 Rxd6 43. a3 h5 44. Rc8+ Kh7 45. Qxf7 Qe4+ 46. Kb3 Qd5+ 47. Kc3 Qd3+ 48. Kb4 Rb6+ 49. Kc5 Rb5+ 50. Kc6 Qd5+ 51. Kc7 Rb7# 0-1

[Event "*** Titled Tuesday Blitz"]
[Site "Chess.com"]
[Date "2018.06.05"]
[Round "8"]
[White "Galileo22"]
[Black "champ2005"]
[Result "0-1"]
[WhiteElo "2345"]
[BlackElo "2561"]
[TimeControl "180+2"]
[EndTime "14:57:19 PDT"]
[Termination "champ2005 won by checkmate"]

1. Nf3 Nf6 2. g3 g6 3. Bg2 Bg7 4. O-O O-O 5. d3 d5 6. Nbd2 c5 7. e4 Nc6 8. Re1 b6 9. h3 dxe4 10.
dxe4 Bb7 11. Qe2 e5 12. c3 Nd7 13. Rd1 Qc7 14. a3 Rfd8 15. Nf1 Nf6 16. Bg5 h6 17. Bxf6 Bxf6 18. Ne3 Ne7 19. Qc2 h5 20. h4 Kg7 21. Nd2 a6 22. Ndf1 b5 23. Rxd8 Rxd8 24. Rd1 Nc8 25. c4 Rd4 26. Qe2 Nd6 27. Nd5 Bxd5 28.
cxd5 Rxd1 29. Qxd1 c4 30. Qc1 Bd8 31. Nd2 Qa7 32. Qc3 f6 33. Qb4 Bc7 34. Bh3 a5 35. Qc3 Bb6 36. Qf3 Bd4 37. b3 c3 38. Qd3 cxd2 39. Qxd2 Qc7 40. Bg2 Qc3 41. Qxc3 Bxc3 42. a4 bxa4 43. bxa4 f5 44. f3 f4 45. g4 Be1 46.
gxh5 gxh5 47. Bf1 Bxh4 48. Kg2 Bd8 49. Ba6 Kf6 50. Kh3 Kg5 51. Kh2 Bb6 52. Kg2 Bc5 53. Kh2 Kh4 54. Kg2 Nf7 55. Kh2 Kg5 56. Kg2 Kf6 57.
Be2 Ng5 58. Bb5 Ke7 59. Kh2 Nxf3+ 60. Kh3 Ng5+ 61. Kh4 Nxe4 62. Kxh5 f3 63. Kg4 f2 64. Kf5 Nd6+ 65. Kxe5 Nxb5 66. axb5 Bd6+ 67. Kd4 f1=Q 68. b6 Qb5 69. b7 Qxb7 70. Kc4 a4 71. Kc3 a3 72. Kc2 a2 73. Kc1 a1=Q+ 74. Kc2 Qbb2+ 75. Kd3 Qc3+ 76. Ke4 Qd4+ 77. Kf5 Qe5+ 78. Kg6 Qg1+ 79.
Kh7 Qgg7# 0-1

[Event "*** Titled Tuesday Blitz"]
[Site "Chess.com"]
[Date "2018.06.05"]
[Round "8"]
[White "AlexanderL"]
[Black "Parhamov"]
[Result "0-1"]
[WhiteElo "2724"]
[BlackElo "2830"]
[TimeControl "180+2"]
[EndTime "14:57:24 PDT"]
[Termination "Parhamov won on time"]

1. Nf3 d5 2. e3 c6 3. c4 Nf6 4.
d4 a6 5. Bd3 Bg4 6. Nbd2 e6 7. O-O Nbd7 8. b3 Bd6 9. Bb2 O-O 10.
Qc2 Bh5 11. Ne5 Bg6 12. Nxg6 hxg6 13. e4 dxe4 14. Nxe4 Nxe4 15. Bxe4 Rc8 16. Rfe1 Nf6 17. Bf3 Qe7 18. Rad1 Ba3 19. Ba1 Rfd8 20. Re2 Qc7 21. g3 Bf8 22. Kg2 b5 23. Bc3 a5 24. h4 Bb4 25. Bb2 Bf8 26. Bc1 Qa7 27. Be3 Qa6 28. Ree1 a4 29. Rh1 axb3 30. axb3 bxc4 31. bxc4 c5 32. d5 exd5 33. cxd5 c4 34. h5 gxh5 35. Bxh5 Rxd5 36. Rxd5 Nxd5 37. Bd4 Ne7 38. Bf3 Qg6 39. Be4 f5 40. Bf3 Qf7 41. Rh5 Rd8 42. Be5 Rd3 43.
Qe2 Ng6 44. Bb2 Bb4 45. Bc1 Bd6 46. Rh1 Ne5 47. Ba8 Qa7 48. Bc6 Qa6 49. Qxd3 Qxc6+ 0-1

[Event "*** Titled Tuesday Blitz"]
[Site "Chess.com"]
[Date "2018.06.05"]
[Round "8"]
[White "Colombiano07"]
[Black "sere99"]
[Result "0-1"]
[WhiteElo "2236"]
[BlackElo "2276"]
[TimeControl "180+2"]
[EndTime "14:57:24 PDT"]
[Termination "sere99 won by resignation"]

1. e4 c6 2. d4 d5 3. exd5 cxd5 4. Bd3 Nc6 5. c3 Qc7 6. Ne2 Bg4 7. f3 Bd7 8. Bf4 e5 9. dxe5 Nxe5 10. O-O Bd6 11.
Bg3 Ne7 12. Bc2 O-O 13. Nd2 Rfe8 14. Nb3 Nc4 15. Qc1 Nf5 16. Bxd6 Qxd6 17. Bxf5 Bxf5 18. Nbd4 Bd3 19. Re1 Qb6 20. b3 Bxe2 21. bxc4 Bxc4 22. Rb1 Qc7 23. Qa3 b6 24. Rxe8+ Rxe8 25. Nb5 Bxb5 26.
Rxb5 Qc4 27. Rb1 Qd3 28. Rf1 a6 29. Qd6 Qxc3 30. Qxd5 h6 31. h3 Qe3+ 32. Kh2 Qe5+ 33.
Qxe5 Rxe5 34. Rf2 Ra5 35. Kg3 Kf8 36. Re2 f6 37. Kf2 Ra3 38. Ke1 b5 39. Kd1 Kf7 40.
Kc1 a5 41. Kb2 b4 42. Re4 Rd3 43. Re2 f5 44. Kc2 Ra3 45. Kb2 Kf6 46. Rc2 Re3 47. Rd2 g6 48. Rc2 Kg5 49. Kc1 h5 50. Kd1 Kf4 51. Kd2 Ra3 52. Ke2 Kg3 53. Kf1 Rc3 54. Rd2 Rc1+ 55. Ke2 Kxg2 56. h4 Kg3 57. Rd6 Rc2+ 58.
Ke3 f4+ 59. Ke4 Re2+ 60. Kd3 Rxa2 0-1

[Event "*** Titled Tuesday Blitz"]
[Site "Chess.com"]
[Date "2018.06.05"]
[Round "8"]
[White "olksuna"]
[Black "Gvalch"]
[Result "0-1"]
[WhiteElo "2412"]
[BlackElo "2601"]
[TimeControl "180+2"]
[EndTime "14:57:25 PDT"]
[Termination "Gvalch won by resignation"]

1. e4 e5 2. Nf3 Nc6 3. Bc4 Bc5 4. d3 Nf6 5. h3 a6 6. O-O O-O 7. c3 d6 8. Nbd2 Na5 9. Re1 h6 10. b4 Nxc4 11. Nxc4 Ba7 12. Be3 Bxe3 13. Nxe3 Re8 14. Qc2 d5 15. exd5 Nxd5 16. Nxd5 Qxd5 17. c4 Qd6 18. a3 a5 19. Rad1 axb4 20. axb4 Bf5 21. Qb2 f6 22. b5 Rad8 23. d4 exd4 24. Rxe8+ Rxe8 25. Qxd4 Qxd4 26. Rxd4 b6 27. Kf1 Kf8 28. g4 Bc2 29. Nd2 Ke7 30. f3 Rd8 31. Rxd8 Kxd8 32. Kf2 Ke7 33. Ke3 Kd6 34. Kd4 g5 35. Nf1 Bd1 36.
Ne3 Bxf3 37. Nf5+ Ke6 38. Nxh6 Bg2 39. c5 Bxh3 40. Kc4 Bf1+ 41. Kb4 Bd3 42. c6 f5 43. gxf5+ Bxf5 44. Kc4 g4 45. Kd4 g3 46. Ke3 Kf6 47. Kf3 Be6 48. Kxg3 Kg6 49. Ng4 Kf5 50. Ne3+ Ke4 51.
Kf2 Kd4 52. Ke2 Kc5 53. Kd3 Kxb5 54. Kd4 Kxc6 55. Nc2 Kd6 56. Kc3 c5 57. Na3 Kc6 58. Nc2 b5 59. Kd3 Bf5+ 60. Kc3 Bxc2 61. Kxc2 Kd5 62.
Kb2 0-1

[Event "*** Titled Tuesday Blitz"]
[Site "Chess.com"]
[Date "2018.06.05"]
[Round "8"]
[White "kuli4ik"]
[Black "Fighterman91"]
[Result "0-1"]
[WhiteElo "2709"]
[BlackElo "2611"]
[TimeControl "180+2"]
[EndTime "14:57:41 PDT"]
[Termination "Fighterman91 won by resignation"]

1. d4 Nf6 2. Bg5 c5 3. d5 Qb6 4.
Nc3 d6 5. e4 g6 6. Bb5+ Bd7 7. a4 Bg7 8. Nf3 O-O 9. O-O a6 10.
a5 Qc7 11. Bc4 Bg4 12. h3 Bxf3 13. Qxf3 Nbd7 14. Qe3 b5 15. axb6 Qxb6 16. Ra2 a5 17. Na4 Qc7 18. Rfa1 Rfb8 19. Qe2 Ne5 20. Bd2 Nxc4 21.
Qxc4 Nd7 22. Bc3 Bxc3 23. Nxc3 Rb4 24. Qe2 c4 25. Nd1 Ne5 26. f4 Nd7 27. Ne3 Qc5 28. Kh2 c3 29. Nd1 cxb2 30. Nxb2 Qd4 31. Nd3 Qxe4 32. Qxe4 Rxe4 33. Rxa5 Rxa5 34. Rxa5 Nf6 35. Rb5 Rc4 36. Nb4 Rxf4 37. Nc6 Re4 38. Kg3 h5 39. Kf3 g5 40. c4 Kg7 41. c5 Rf4+ 42. Kg3 Ne4+ 43.
Kh2 Nxc5 44. Nxe7 Kf6 45. Nc6 Rf5 46. Nb4 h4 47. Nc2 Rxd5 48. Ne3 Rd3 49. Nc4 Ke6 50.
Ra5 f6 51. Kg1 Ne4 52. Ra1 d5 53. Nb2 Rd2 54. Rb1 Nc3 55. Re1+ Ne2+ 56. Kf2 Rxb2 0-1

[Event "*** Titled Tuesday Blitz"]
[Site "Chess.com"]
[Date "2018.06.05"]
[Round "8"]
[White "SergeiAza"]
[Black "Korchmar_Vasiliy"]
[Result "1-0"]
[WhiteElo "2639"]
[BlackElo "2696"]
[TimeControl "180+2"]
[EndTime "14:58:01 PDT"]
[Termination "SergeiAza won by resignation"]

1. e4 c5 2. Nf3 d6 3. d4 cxd4 4. Nxd4 Nf6 5. Nc3 Nc6 6. Bg5 e6 7. Qd2 a6 8. O-O-O h6 9. Bxf6 Qxf6 10. Nxc6 bxc6 11. f4 Qd8 12. Bc4 Be7 13. Kb1 O-O 14. h4 d5 15. Bb3 a5 16. g4 Bb4 17. a3 Bxc3 18. Qxc3 a4 19. Ba2 Qb6 20. g5 h5 21.
Rhg1 Ra5 22. g6 Rb5 23. Rg3 e5 24. exd5 Bg4 25. gxf7+ Kh8 26. Rxg4 hxg4 27. Qxe5 cxd5 28. Bxd5 g3 29. c4 Rb3 30. c5 Qg6+ 31. f5 Qh5 32.
Bxb3 axb3 33. Rc1 g2 34. c6 Qg4 35. Qc5 Rxf7 36. c7 Rxc7 37. Qxc7 g1=Q 38. Rxg1 Qxg1+ 39. Qc1 Qf2 40. Ka1 Qxf5 41. Qd1 Qc2 42. Qh5+ Kg8 43. Qe8+ Kh7 44. Qe1 Kg6 45. a4 Kh5 46. a5 Qc4 47. Kb1 Qd3+ 48. Ka1 Qc4 49. Kb1 Qa4 50. Qc3 Kxh4 51.
Kc1 g5 52. Kd2 g4 53. Qf6+ Kg3 54. a6 Qa5+ 55. Qc3+ Qxc3+ 56. Kxc3 Kf3 57. a7 g3 58. a8=Q+ 1-0